Map: Nightscape CE

Players

Ekelpack - Winner!

  • Race: Zerg Zerg
  • Spawn Location: 1:00

Nyck - Winner!

  • Race: Terran Terran
  • Spawn Location: 1:00

Matrosvik

  • Race: Terran Terran
  • League: Platinum
  • Spawn Location: 7:00

greenmegaman

  • Race: Zerg Zerg
  • Spawn Location: 7:00

VOD

Have the link to the VOD?

Description

Time

  • Played on: Oct. 8, 2024, 2:54 p.m.
  • Length: 13:36
Show
View Real Time Build Order
Export as new Build Order

Ekelpack Zerg - Winner!

Build Orders: Hatch First 

Get SALT Encoding   

  12  0:00  Drone  
  13  0:12  Overlord  
  13  0:18  Drone  
  14  0:31  Drone  
  15  0:49  Hatchery, Drone  
  15  1:04  Spawning Pool  
  15  1:07  Drone  
  15  1:11  Extractor  
  15  1:14  Drone  
  15  1:17  Drone  
  16  1:20  Drone  
  17  1:31  Drone  
  18  1:40  Drone  
  19  1:51  Queen  
  21  2:00  Overlord  
  21  2:05  Queen  
  23  2:09  Zergling x2  
  24  2:18  Drone x2  
  26  2:23  Drone  
  26  2:24  Drone x2  
  29  2:34  Lair  
  29  2:52  Overlord  
  29  2:55  Overlord  
  29  2:56  Queen  
  31  3:00  Extractor  
  31  3:02  Drone x4  
  34  3:10  Extractor  
  34  3:12  Drone x3  
  36  3:15  Drone  
  37  3:27  Drone x5  
  42  3:38  Spire  
  41  3:46  Drone  
  42  3:49  Extractor  
  42  3:51  Drone x2  
  42  3:52  Drone  
  42  3:53  Overlord  
  44  4:11  Drone  
  44  4:14  Drone x3  
  44  4:15  Overlord  
  48  4:18  Overlord  
  48  4:51  Mutalisk x4  
  48  4:52  Mutalisk x3  
  62  4:58  Zerg Flyer Weapons Level 1, Mutalisk x3  
  68  5:00  Overlord  
  64  5:35  Mutalisk x3  
  53  5:37  Drone x2  
  53  5:38  Drone x6  
  53  5:39  Drone  
  53  5:42  Queen  
  64  5:50  Overseer  
  63  6:10  Drone x2  
  63  6:11  Drone x5  
  70  6:22  Overlord  
  70  6:29  Overlord x2  
  70  6:40  Drone, Overlord x3  
  69  6:56  Zerg Flyer Weapons Level 2  
  69  7:13  Infestation Pit  
  69  7:15  Evolution Chamber  
  67  7:37  Hatchery  
  64  7:57  Zergling x8  
  64  7:58  Zergling x14  
  73  7:59  Zergling x6  
  73  8:04  Queen  
  80  8:07  Hive  
  80  8:09  Zerg Melee Weapons Level 1  
  80  8:18  Metabolic Boost  
  80  8:33  Zergling x12  
  86  8:40  Evolution Chamber  
  85  8:51  Drone x4  
  85  8:52  Drone x3  
  85  8:54  Pneumatized Carapace  
  92  9:07  Hydralisk Den  
  91  9:10  Drone x4  
  91  9:11  Drone x2, Overlord  
  91  9:12  Overlord  
  97  9:20  Zerg Missile Weapons Level 1  
  97  9:26  Ultralisk Cavern  
  97  9:29  Extractor  
  95  9:31  Extractor  
  95  9:36  Grooved Spines  
  95  9:38  Hydralisk x6  
  94  9:39  Hydralisk x4  
  114  10:03  Adrenal Glands  
  114  10:08  Zerg Ground Armor Level 1  
  114  10:12  Chitinous Plating  
  114  10:14  Ultralisk  
  120  10:21  Drone x2  
  120  10:28  Overlord x2, Hydralisk x3  
  122  10:29  Hydralisk  
  130  10:40  Queen  
  130  10:41  Overlord  
  130  10:42  Overlord  
  132  10:46  Muscular Augments  
  132  11:05  Ultralisk x2  
  132  11:09  Ultralisk  
  148  11:27  Ultralisk  
  154  11:39  Overlord, Ultralisk x2  
  166  12:01  Overlord  
  166  12:02  Ultralisk  
  172  12:12  Hydralisk x2  
  172  12:14  Overlord  
  156  12:35  Ultralisk x2  
  156  12:36  Overlord  
  168  12:53  Ultralisk  
  168  12:54  Ultralisk  
  152  13:06  Zergling x4  
Show
View Real Time Build Order
Export as new Build Order

Nyck Terran - Winner!

Build Orders: 2 Factory 

Get SALT Encoding   

  12  0:00  SCV  
  13  0:12  SCV  
  14  0:17  Supply Depot  
  14  0:24  SCV  
  15  0:38  SCV  
  15  0:42  Barracks  
  16  0:46  Refinery  
  16  0:50  SCV  
  16  0:55  Refinery  
  17  1:04  SCV  
  18  1:16  SCV  
  19  1:21  Supply Depot  
  19  1:28  Orbital Command  
  19  1:39  Factory  
  19  1:44  Barracks Reactor  
  19  1:55  SCV  
  20  2:07  SCV  
  21  2:16  Factory  
  21  2:17  Supply Depot  
  21  2:19  SCV  
  22  2:32  Hellion x2  
  22  2:35  Barracks Tech Lab  
  26  2:40  Supply Depot  
  26  2:42  SCV  
  27  2:54  SCV  
  28  3:01  Hellion x2  
  32  3:12  Starport  
  32  3:15  Infernal Pre-Igniter  
  32  3:17  SCV  
  33  3:30  SCV  
  35  3:48  SCV  
  35  3:52  Command Center  
  35  3:56  Engineering Bay  
  35  4:10  SCV  
  36  4:26  Armory  
  38  4:38  Hellion  
  38  4:39  Hellion x2  
  38  4:42  Starport Tech Lab  
  38  4:44  SCV  
  43  4:56  SCV  
  44  5:09  SCV, Hellion x2  
  44  5:10  Hellion  
  51  5:17  Orbital Command, Refinery x2  
  51  5:21  SCV  
  42  5:45  SCV  
  43  5:50  SCV  
  44  5:57  SCV  
  44  6:02  SCV  
  48  6:08  Viking  
  48  6:11  Starport  
  46  6:12  Terran Vehicle And Ship Armor Level 1  
  46  6:16  Starport  
  46  6:17  Starport  
  46  6:21  Supply Depot, SCV x2  
  48  6:33  SCV  
  48  6:34  SCV  
  50  6:43  Supply Depot, Armory  
  50  6:45  SCV  
  50  6:46  SCV  
  52  6:50  Starport Reactor  
  52  6:53  Starport Reactor  
  52  6:55  Starport Reactor  
  47  7:10  Missile Turret  
  45  7:25  SCV x2  
  45  7:29  Supply Depot  
  47  7:36  Viking x5  
  57  7:37  Viking  
  57  7:39  Viking  
  61  7:46  SCV x2  
  63  7:52  Supply Depot  
  63  7:58  SCV  
  63  7:59  SCV  
  65  8:10  SCV  
  65  8:11  SCV  
  67  8:13  Command Center  
  67  8:14  Supply Depot  
  67  8:23  SCV x2  
  69  8:35  SCV x2  
  69  8:36  Viking x2  
  69  8:37  Viking  
  69  8:40  Terran Ship Weapons Level 1  
  77  8:47  SCV x2  
  79  8:59  SCV x2  
  81  9:11  SCV x2  
  83  9:23  SCV x2  
  85  9:35  SCV x2  
  87  9:39  Barracks  
  87  9:43  Barracks x2  
  87  9:47  SCV  
  87  9:50  Barracks  
  87  9:51  Barracks  
  88  10:02  SCV x2  
  90  10:08  Combat Shield  
  90  10:12  Terran Infantry Armor Level 1  
  90  10:17  Engineering Bay  
  90  10:20  Medivac x2  
  90  10:21  Medivac x4  
  98  10:24  Medivac  
  104  10:35  Orbital Command  
  104  10:40  SCV x2  
  106  10:46  Terran Infantry Weapons Level 1  
  106  10:49  Terran Vehicle And Ship Armor Level 2  
  106  10:54  Barracks  
  106  10:57  Barracks Reactor x3  
  106  10:58  Barracks Reactor  
  106  11:05  SCV x3  
  109  11:20  Refinery  
  109  11:23  SCV x3  
  112  11:28  Command Center  
  112  11:32  Refinery  
  112  11:35  SCV x3, Command Center  
  112  11:38  Medivac  
  117  11:56  SCV x3, Medivac x6  
  132  12:03  Supply Depot  
  132  12:11  Marine  
  133  12:24  SCV, Marine x7  
  133  12:25  Supply Depot  
  141  12:39  Marine x5  
  141  12:40  SCV x3  
  141  12:42  Marine x7  
  156  12:47  Supply Depot  
  156  12:52  SCV x2  
  156  12:57  Marine x5  
  163  13:00  Marine x7  
  160  13:09  Supply Depot  
  144  13:15  Marine x5  
  144  13:17  Marine x7  
  148  13:31  Supply Depot  
Show
View Real Time Build Order
Export as new Build Order

Matrosvik Terran 

Build Orders: Hellion Banshee 

Get SALT Encoding   

  12  0:12  SCV  
  13  0:24  SCV  
  13  0:27  Supply Depot, Refinery  
  14  0:37  SCV  
  15  0:53  Barracks  
  15  0:54  SCV  
  16  1:06  SCV  
  17  1:18  SCV  
  18  1:30  SCV  
  19  1:42  Supply Depot, Barracks Reactor  
  19  1:56  Command Center  
  19  1:57  Orbital Command  
  19  2:09  Factory  
  19  2:16  Refinery  
  19  2:20  Marine  
  20  2:24  SCV  
  21  2:44  SCV  
  21  3:06  Supply Depot  
  21  3:09  Hellion x2  
  21  3:10  Orbital Command  
  21  3:11  SCV  
  26  3:22  Starport  
  26  3:23  SCV  
  27  3:31  Hellion x2  
  27  3:33  Engineering Bay  
  31  3:35  SCV  
  31  3:37  SCV  
  33  3:49  SCV  
  33  3:53  Hellion x2  
  38  4:00  Starport Tech Lab, Factory  
  37  4:11  SCV x2  
  37  4:13  Supply Depot  
  39  4:21  Banshee  
  39  4:23  Cloaking Field  
  42  4:24  SCV x2  
  44  4:38  SCV x2  
  46  4:41  Supply Depot  
  46  4:43  Hellion x2  
  50  5:01  Factory Tech Lab  
  50  5:06  Command Center  
  38  5:29  Missile Turret x2  
  38  5:30  Missile Turret  
  38  5:31  Cyclone x2  
  42  5:38  Missile Turret x2  
  42  5:40  Missile Turret  
  40  5:46  Armory  
  37  6:12  Cyclone x2  
  37  6:15  Refinery  
  37  6:16  Refinery  
  41  6:19  SCV x2, Missile Turret  
  43  6:41  SCV x2  
  43  6:46  Thor  
  51  6:50  Fusion Core  
  51  7:04  SCV  
  51  7:05  SCV  
  50  7:23  Cyclone x2  
  50  7:29  Hurricane Engines  
  54  7:39  Missile Turret, Command Center  
  54  7:40  SCV x2, Missile Turret  
  54  8:00  Cyclone  
  54  8:01  Thor  
  54  8:02  Cyclone  
  54  8:03  SCV x2  
  66  8:13  Terran Vehicle Weapons Level 1  
  66  8:16  Factory  
  66  8:17  SCV  
  67  8:21  Hi-Sec Auto Tracking  
  67  8:23  SCV  
  68  8:38  Sensor Tower  
  68  8:42  SCV x2  
  70  8:52  Thor  
  70  8:54  SCV, Factory  
  77  9:03  Factory Tech Lab  
  77  9:14  SCV x2  
  79  9:18  Missile Turret  
  79  9:19  Missile Turret  
  79  9:30  Weapon Refit  
  79  9:31  SCV, Armory  
  79  9:32  SCV  
  79  9:37  Factory  
  81  9:39  Refinery  
  81  9:42  Refinery  
  81  9:43  Planetary Fortress, SCV  
  82  9:48  SCV  
  83  9:54  Missile Turret  
  83  9:55  Factory Reactor  
  83  9:56  SCV  
  84  10:05  Factory  
  84  10:09  Supply Depot  
  84  10:11  Supply Depot  
  84  10:12  SCV  
  85  10:16  Terran Vehicle Weapons Level 2  
  85  10:27  Factory Tech Lab  
  85  10:30  SCV  
  85  10:32  Thor  
  85  10:33  SCV x2  
  94  10:38  Supply Depot  
  94  10:40  Supply Depot  
  94  10:46  SCV x3  
  94  10:47  Terran Vehicle And Ship Armor Level 1  
  97  10:50  Factory Tech Lab  
  97  10:52  Infernal Pre-Igniter  
  97  10:58  Smart Servos  
  97  11:00  SCV x2  
  99  11:07  Thor  
  99  11:09  Hellbat  
  109  11:11  Hellbat  
  109  11:30  Battlecruiser  
  117  11:33  Hellbat  
  117  11:38  Supply Depot  
  117  11:40  Supply Depot  
  117  11:52  Command Center  
  117  11:59  Thor  
  117  12:00  Supply Depot, Hellbat  
  125  12:10  Siege Tank x2  
  125  12:13  SCV  
  125  12:14  SCV  
  133  12:21  Supply Depot, Siege Tank, SCV  
  137  12:23  Supply Depot x2  
  131  12:32  Hellbat x3  
  143  12:46  SCV x2  
Show
View Real Time Build Order
Export as new Build Order

greenmegaman Zerg 

Build Orders: Hatch First 

Get SALT Encoding   

  12  0:01  Drone  
  13  0:08  Drone  
  14  0:18  Overlord  
  14  0:36  Drone x2  
  16  0:54  Drone  
  16  0:56  Drone, Hatchery  
  17  1:01  Drone  
  18  1:16  Spawning Pool  
  18  1:18  Extractor  
  16  1:27  Drone x2  
  18  1:44  Drone  
  18  1:45  Drone  
  20  2:00  Drone  
  21  2:06  Overlord  
  21  2:12  Hatchery, Queen  
  22  2:17  Drone  
  23  2:27  Queen  
  25  2:30  Drone  
  25  2:32  Zergling x2  
  25  2:33  Zergling x2  
  28  2:39  Zergling x4  
  30  2:44  Zergling x2  
  30  2:48  Zergling x2  
  32  2:57  Zergling x4  
  34  3:04  Zergling x2  
  35  3:10  Zergling x2  
  36  3:14  Overlord  
  36  3:16  Metabolic Boost  
  36  3:25  Zergling x4  
  36  3:26  Zergling x8  
  42  3:35  Overlord  
  42  3:38  Zergling x4  
  42  3:40  Zergling x2  
  42  3:41  Zergling x2  
  46  3:43  Zergling x2  
  46  3:46  Zergling x2  
  48  3:49  Zergling x2  
  49  3:56  Drone  
  49  4:01  Lair  
  51  4:02  Zergling x2  
  51  4:24  Zergling x10  
  53  4:25  Zergling x4  
  53  4:27  Overlord  
  58  4:37  Overlord  
  58  5:03  Extractor  
  58  5:04  Drone x2  
  58  5:05  Drone  
  58  5:06  Drone  
  58  5:07  Drone, Spire  
  37  5:47  Spore Crawler  
  37  5:48  Spore Crawler  
  35  5:51  Spore Crawler  
  35  5:52  Spore Crawler  
  33  5:58  Spore Crawler  
  32  6:04  Spore Crawler  
  32  6:05  Spore Crawler  
  32  6:08  Spore Crawler, Drone x3  
  32  6:10  Drone x5  
  32  6:11  Drone, Spore Crawler  
  37  6:12  Drone  
  37  6:13  Drone x2  
  40  6:23  Drone  
  42  6:25  Drone  
  42  6:30  Corruptor  
  41  6:47  Drone x2  
  43  6:55  Drone x2  
  45  7:02  Drone, Spore Crawler  
  45  7:04  Drone x3  
  48  7:11  Spore Crawler  
  48  7:14  Spore Crawler  
  46  7:16  Drone x2  
  46  7:20  Corruptor x2  
  52  7:32  Spore Crawler  
  51  7:38  Corruptor x3  
  57  7:49  Corruptor x2  
  61  8:03  Corruptor x2  
  65  8:08  Overlord  
  65  8:09  Overlord  
  65  8:23  Drone  
  65  8:24  Spore Crawler, Drone  
  65  8:26  Overlord x2  
  66  8:57  Drone  
  66  8:58  Drone x10  
  66  9:02  Extractor  
  76  9:04  Extractor  
  75  9:10  Zerg Flyer Weapons Level 1  
  75  9:16  Corruptor x3  
  81  9:37  Drone x8  
  89  9:41  Overlord x3  
  89  9:48  Pneumatized Carapace  
  89  9:54  Zergling x2  
  89  9:55  Zergling x12  
  96  10:13  Extractor  
  95  10:14  Extractor  
  95  10:18  Spine Crawler  
  93  10:22  Drone  
  93  10:27  Spine Crawler  
  94  10:35  Drone x2  
  94  10:36  Spore Crawler, Drone  
  94  10:38  Corruptor x5  
  94  10:39  Spine Crawler, Corruptor  
  94  10:40  Zergling x8  
  110  10:47  Drone  
  111  10:59  Overlord x3  
  111  11:04  Zerg Flyer Armor Level 1  
  111  11:11  Infestation Pit  
  110  11:56  Hive  
  110  12:19  Roach Warren  
  110  12:20  Overlord x4  
  109  12:24  Corruptor x5  
  109  12:25  Corruptor x3  
Tags
 
Add a new tag
Caveats
  • Supply blocks, unpowered buildings, or Contaminate may cause inaccurate times.
  • Supply counts are checked every 10 seconds.